 Dungeon Crawl Stone Soup version 0.27.0-1-g7a089689b8 (webtiles) character file.

Game seed: 10626151029420627252

38 Skiberibeda the Digger (level 3, 0/19 HPs)
             Began as a Gargoyle Earth Elementalist on Aug 7, 2021.
             Slain by a gnoll (5 damage)
             ... on level 2 of the Dungeon.
             The game lasted 00:02:41 (1610 turns).

Skiberibeda the Digger (GrEE)                       Turns: 1610, Time: 00:02:42

Health: 0/19       AC:  5    Str: 11    XL:     3   Next: 43%
Magic:  5/7        EV: 11    Int: 16    God:
Gold:   52         SH:  0    Dex: 10    Spells: 6/7 levels left

rFire    . . .     SeeInvis .   e - +3 dagger
rCold    . . .     Faith    .   (no shield)
rNeg     + . .     Spirit   .   b - +0 robe
rPois    ∞         Reflect  .   (no helmet)
rElec    +         Harm     .   (no cloak)
rCorr    .         Rampage  .   (no gloves)
Will     .....                  (no boots)
Stlth    ++........             (no amulet)
HPRegen  0.06/turn              (no ring)
MPRegen  0.10/turn              (no ring)

@: no status effects
A: sickness immunity, AC +3, negative energy resistance 1, electricity
resistance, torment resistance 1, petrification resistance
a: no special abilities


You were on level 2 of the Dungeon.
You visited 1 branch of the dungeon, and saw 2 of its levels.

You collected 52 gold pieces.

Inventory:

Hand Weapons
 e - a +3 dagger (weapon)
Missiles
 c - 67 stones
Armour
 b - a +0 robe (worn)
Scrolls
 a - 2 scrolls of identify {unknown}
 g - a scroll of immolation {unknown}
 h - a scroll of enchant armour {unknown}
Potions
 d - 2 potions of berserk rage {unknown}
 f - a potion of curing {unknown}
 i - a potion of haste {unknown}


   Skills:
 - Level 1.5 Dodging
 - Level 2.1 Stealth
 + Level 2.8 Spellcasting
 - Level 0.7 Transmutations
 + Level 4.5 Earth Magic


You had 6 spell levels left.
You knew the following spells:

 Your Spells              Type           Power      Damage    Failure   Level
a - Sandblast             Erth           32%        2d9       3%          1

Your spell library contained the following spells:

 Spells                   Type           Power      Damage    Failure   Level
 Passwall                 Tmut/Erth      8%         N/A       10%         2
 Stone Arrow              Conj/Erth      18%        3d8       22%         3
 Petrify                  Tmut/Erth      10%        N/A       54%         4


Dungeon Overview and Level Annotations

Branches:
Dungeon (2/15)

Altars:
Beogh

Annotations:
D:2 Sigmund


Innate Abilities, Weirdness & Mutations

You are immune to sickness and miasma.
Your stone body is resilient. (AC +3)
You are immune to poison.
You resist negative energy. (rN+)
You are resistant to electric shocks. (rElec)
You are resistant to unholy torment.
You are immune to petrification.


Message History

Aim: a gnoll, wielding a +0 whip (82% to hit)
The blast of sand hits the gnoll.
The gnoll is lightly wounded.
Casting: Sandblast (safe; 3% risk of failure)
Confirm with . or Enter, or press ? or * to list all spells.
Aiming: Sandblast (safe; 3% risk of failure)
Press: ? - help, Shift-Dir - straight line, f/p - gnoll
Aim: a gnoll, wielding a +0 whip (lightly wounded, 82% to hit)
The blast of sand hits the gnoll.
The gnoll is moderately wounded.
The gnoll completely misses you.
Casting: Sandblast (safe; 3% risk of failure)
Confirm with . or Enter, or press ? or * to list all spells.
Aiming: Sandblast (safe; 3% risk of failure)
Press: ? - help, Shift-Dir - straight line, f/p - gnoll
Aim: a gnoll, wielding a +0 whip (moderately wounded, 82% to hit)
The blast of sand hits the gnoll!
You kill the gnoll!
The gnoll throws a throwing net.
The throwing net closely misses you.
You see here 8 gold pieces.
You now have 52 gold pieces (gained 8).
A ball python and Sigmund come into view.
The ball python hisses angrily.
The ball python moves out of view.
Found a cloak.
Sigmund shouts!
The gnoll hits you with a +0 whip.
You see here a throwing net.
The gnoll hits you with a +0 club.
Found a stone staircase leading down.
A rat comes into view.
Found a plate armour.
Sigmund gestures wildly while chanting.
Sigmund flickers and vanishes!
Deactivating autopickup; reactivate with Ctrl-A.
The gnoll hits you with a +0 club.
* * * LOW HITPOINT WARNING * * *
A frilled lizard comes into view.
The gnoll hits you with a +0 whip.
You die...

[....###(.#..........
### #..w.#########.
#..### ## #.{# #..#
##..######
########.S.......
l......gg...r....
#######@.##......
#.## ..>... #.#
...... ..# ......
.#.# ....[ #.#.# ####
... #.#


You could see a worm, 2 gnolls, a ball python, a frilled lizard (asleep) and a
rat.

Vanquished Creatures
  A gnoll (D:2)
  A dart slug (D:1)
  5 bats (D:1)
  2 endoplasms (D:1)
  A giant cockroach (D:1)
  A goblin (D:1)
  4 hobgoblins (D:1)
  2 jackals (D:1)
  3 kobolds
  2 ball pythons (D:1)
  A rat (D:1)
23 creatures vanquished.

Notes
Turn   | Place    | Note
-------+----------+-------------------------------------------
     0 | D:1      | Skiberibeda the Gargoyle Earth Elementalist began the quest
                  | for the Orb.
     0 | D:1      | Reached XP level 1. HP: 10/10 MP: 3/3
   495 | D:1      | Reached skill level 4 in Earth Magic
   495 | D:1      | Reached XP level 2. HP: 11/15 MP: 5/5
  1276 | D:1      | Reached XP level 3. HP: 17/19 MP: 6/6
  1467 | D:1      | Found a faded altar of an unknown god.
  1599 | D:2      | Noticed Sigmund
  1610 | D:2      | Slain by a gnoll

Illustrated notes

Levels and vault maps discovered:
D:1:      scummos_arrival_star, layout_basic,
          hellmonk_ecumenical_altar_defaced_shrine
D:2:      layout_rooms, serial_shops, nicolae_square_shop, minmay_heptomino_w4,
          uniq_jessica, uniq_sigmund

Skill      XL: |  1 |
---------------+----+-----
Earth Magic    | 4 |  4.5
Dodging        | |  1.5
Stealth        | |  2.1
Spellcasting   | |  2.8
Transmutations | |  0.7

Action                   || total
-------------------------++-------
Melee: Dagger            ||    38
       Unarmed           ||     3
 Cast: Sandblast         ||    14
 Stab: Sleeping          ||     5
Armor: Robe              ||    15
Dodge: Dodged            ||    23
